 Dungeon Crawl Stone Soup version 0.30-a0-389-g8d7d949f56 (webtiles) character file.

Game seed: 10015366697862327313

5769 arthad the Spear-Bearer (level 10, -15/77 HPs)
             Began as a Gnoll Wanderer on Dec 4, 2022.
             Was an Initiate of Gozag.
             Demolished by a large abomination (23 damage)
             ... on level 9 of the Dungeon.
             The game lasted 00:17:23 (7200 turns).

arthad the Spear-Bearer (Gnoll Wanderer)            Turns: 7200, Time: 00:17:24

Health: -15/77     AC: 13    Str: 13    XL:     10   Next: 78%
Magic:  19/19      EV: 13    Int: 11    God:    Gozag
Gold:   671        SH:  0    Dex: 15    Spells: 14/22 levels left

rFire   + . .      SeeInvis .    m - +0 scythe (vamp)
rCold   + + .      Faith    .    (shield currently unavailable)
rNeg    . . .      Spirit   .    I - +0 swamp dragon scales
rPois   +          Reflect  .    t - +2 hat
rElec   +          Harm     .    f - +0 cloak
rCorr   +          Rampage  .    b - +0 pair of gloves
Will    .....                    (no boots)
Stlth   +++.......               (no amulet)
HPRegen 0.32/turn                v - +4 ring of slaying
MPRegen 0.16/turn                w - ring of protection from cold

@: resistant (expiring)
A: fangs 1, strong nose, distributed training
a: Renounce Religion, Potion Petition, Call Merchant, Bribe Branch


You were on level 9 of the Dungeon.
You worshipped Gozag.
Gozag was pleased with you.
You visited 1 branch of the dungeon, and saw 9 of its levels.
You visited the Abyss 1 time.

You collected 1093 gold pieces.
You paid 422 gold pieces to Gozag.

Inventory:

Hand Weapons
 a - a +2 spear
 m - a +0 vampiric scythe (weapon)
 p - a +2 whip of electrocution
 H - a +2 morningstar of flaming
 N - a +1 trident of flaming
 R - a -2 demon whip of venom
 T - a +0 scimitar of flaming
Missiles
 j - 5 boomerangs
 D - 2 silver javelins
 V - 7 poisoned darts
Armour
 b - a +0 pair of gloves (worn)
 d - a +0 robe
 f - a +0 cloak (worn)
 t - a +2 hat (worn)
 I - +0 swamp dragon scales (worn)
 M - a +0 ring mail of willpower
 U - a +2 robe of resistance
Jewellery
 v - a +4 ring of slaying (left hand)
 w - a ring of protection from cold (right hand)
 S - a ring of magical power
Wands
 l - a wand of polymorph (12)
 y - a wand of mindburst (19)
 z - a wand of paralysis (10)
 J - a wand of acid (6)
 K - a wand of flame (19)
 L - a wand of digging (7)
 O - a wand of iceblast (9)
Scrolls
 c - a scroll of fear
 g - 2 scrolls of magic mapping {unknown}
 h - 6 scrolls of identify {unknown}
 k - 2 scrolls of noise {unknown}
 o - 4 scrolls of teleportation {unknown}
 r - 2 scrolls of brand weapon {unknown}
 u - a scroll of poison {unknown}
 x - a scroll of amnesia {unknown}
 F - a scroll of enchant armour {unknown}
 Q - a scroll of vulnerability {unknown}
Potions
 i - a potion of magic
 n - 2 potions of degeneration
 q - a potion of lignification
 s - 3 potions of flight
 B - a potion of resistance
 E - 2 potions of haste
 G - a potion of brilliance
 P - a potion of heal wounds {unknown}
 W - a potion of mutation {unknown}
Miscellaneous
 X - a box of beasts


   Skills:
 + Level 6.4 Fighting
 + Level 5.8 Short Blades
 + Level 5.8 Long Blades
 + Level 5.8 Axes
 + Level 5.8 Maces & Flails
 + Level 10.3 Polearms
 + Level 5.8 Staves
 + Level 5.8 Ranged Weapons
 + Level 5.8 Throwing
 + Level 6.4 Armour
 + Level 5.8 Dodging
 + Level 6.3 Stealth
 + Level 5.8 Shields
 + Level 5.8 Unarmed Combat
 + Level 6.5 Spellcasting
 + Level 4.8 Conjurations
 + Level 4.8 Hexes
 + Level 6.2 Summonings
 + Level 4.8 Necromancy
 + Level 4.8 Translocations
 + Level 4.8 Transmutations
 + Level 4.8 Fire Magic
 + Level 4.8 Ice Magic
 + Level 4.8 Air Magic
 + Level 4.8 Earth Magic
 + Level 4.8 Poison Magic
 + Level 6.4 Invocations
 + Level 5.8 Evocations


You had 14 spell levels left.
You knew the following spells:

 Your Spells              Type           Power      Damage    Failure   Level
a - Summon Small Mammal   Summ           68%        N/A       2%          1
b - Summon Lightning Spi  Summ/Air       15%        N/A       34%         4
c - Summon Guardian Gole  Hex/Summ       15%        N/A       11%         3

Your spell library contained the following spells:

 Spells                   Type           Power      Damage    Failure   Level
 Beastly Appendage        Tmut           28%        N/A       4%          1
 Sandblast                Erth           28%        2d8       4%          1
 Sting                    Tmut/Pois      56%        1d5       4%          1
 Passwall                 Tmut/Erth      11%        N/A       8%          2
 Poisonous Vapours        Pois/Air       28%        N/A       8%          2
 Wereblood                Tmut           14%        N/A       8%          2
 Spider Form              Tmut/Pois      14%        N/A       14%         3
 Stone Arrow              Conj/Erth      28%        3d8       14%         3
 Tukima's Dance           Hex            14%        N/A       14%         3
 Olgreb's Toxic Radiance  Pois           14%        N/A       43%         4
 Passage of Golubria      Tloc           14%        N/A       43%         4
 Yara's Violent Unravell  Hex/Tmut       7%         3d5       80%         5
 Storm Form               Tmut/Air       7%         N/A       100%        7
 Maxwell's Capacitive Co  Air            7%         ∞         100%        8


Dungeon Overview and Level Annotations

Branches:
Dungeon (9/15)             Temple (0/1) D:5
   Lair: D:8-11         Orc: D:9-12

Altars:
Cheibriados
Dithmenos
Fedhas
Gozag
Hepliaklqana
Qazlal
Ru
Uskayaw
Wu Jian
Xom

Annotations:
D:4 2 transporters


Innate Abilities, Weirdness & Mutations

You have very sharp teeth.
Your uncanny sense of smell can sniff out nearby items.
Your experience applies equally to all skills.


Message History

You are cast into the Abyss!
This branch contains the abyssal rune of Zot.
Reactivating autopickup.
Found a gateway leading deeper into the Abyss.
You cannot move.
You start resting.
You are no longer corroded.
You start resting.
You feel less attractive to monsters.
You start resting.
Your transformation is almost over.
You feel less wooden.
Your +0 cloak unmelds from your body.
Your +2 hat unmelds from your body.
Your +0 pair of gloves unmelds from your body.
Your +0 swamp dragon scales unmelds from your body.
There is an open door here.
You feel a little less clever now.
Found a gateway leading out of the Abyss.
A large abomination comes into view.
You start to feel less resistant.
The large abomination hits you!!
* * * LOW HITPOINT WARNING * * *
There is a gateway leading out of the Abyss, spattered with blood here.
The large abomination hits you!
* * * LOW HITPOINT WARNING * * *
You pass through the gate.
Welcome back to the Dungeon!
The wizard points at you and mumbles some strange words.
You resist with significant effort.
Unknown command.
Unknown command.
As you read the scroll of fear, it crumbles to dust.
You assume a fearsome visage.
The wizard looks frightened!
The large abomination is unaffected.
The wizard gestures wildly while chanting.
The wizard flickers and vanishes!
Deactivating autopickup; reactivate with Ctrl-A.
The large abomination hits you!!
You die...
Your body crumbles into a pile of gold.

#.##.# ... .# ..##.#
.....##### ######
.......... #..{.#∆∆∆
.#.############....#∆$∆
..............'....#$∆∆
##.############..X.#
##.# #.@..# ##.# #..$.#
##.# #....+ ##.. #....#
#### ###### # # # #####
####...#


You could see a large abomination.

Vanquished Creatures
  Erica (D:8)
  Amaemon (D:8)
  Pikel (D:8)
  An orange demon (D:8)
  Maggie (D:6)
  Prince Ribbit (D:6)
  Sigmund (D:2)
  6 yaks (D:7)
  A steam dragon (D:6)
  Menkaure (D:5)
  An acid dragon (D:9)
  A black bear (D:5)
  2 orc warriors (D:7)
  3 ice beasts
  3 ogres
  A kobold brigand (D:8)
  A bullfrog (D:7)
  A necrophage (D:7)
  A gnoll sergeant (D:8)
  2 scorpions
  A howler monkey (D:5)
  2 hounds
  3 jellies
  3 orc priests
  Jessica (D:2)
  Ijyb (D:5)
  An iguana (D:6)
  Natasha (thrice) (D:3)
  8 orc wizards
  2 gnolls (D:8)
  10 adders
  A shadow imp (D:6)
  An ufetubus (D:5)
  5 worms
  A dart slug (D:2)
  20 orcs
  7 ball pythons
  6 bats
  4 endoplasms
  2 giant cockroaches
  7 goblins
  9 hobgoblins
  3 jackals (D:1)
  7 quokkas
  6 frilled lizards
  12 kobolds
  3 rats (D:2)
160 creatures vanquished.

Vanquished Creatures (collateral kills)
  A gnoll (D:8)
1 creature vanquished.

Vanquished Creatures (others)
  A necrophage (D:7)
  An orc (D:7)
2 creatures vanquished.

Grand Total: 163 creatures vanquished

Notes
Turn   | Place    | Note
-------+----------+-------------------------------------------
     0 | D:1      | arthad the Gnoll Wanderer began the quest for the Orb.
     0 | D:1      | arthad set off with the following items: a +2 spear, a +0
                  | pair of gloves, a scroll of fear, a +0 robe; and the
                  | following spell memorised: Summon Small Mammal; and the
                  | following spells available to memorise: Summon Guardian
                  | Golem.
     0 | D:1      | Reached XP level 1. HP: 17/17 MP: 4/4
   125 | D:1      | Reached XP level 2. HP: 23/23 MP: 5/5
   361 | D:1      | Found a faded altar of an unknown god.
   501 | D:1      | Reached XP level 3. HP: 22/28 MP: 7/7
   998 | D:2      | Reached skill level 1 in Invocations
  1028 | D:2      | Noticed Sigmund
  1043 | D:2      | Killed Sigmund
  1044 | D:2      | Reached skill level 1 in Short Blades
  1044 | D:2      | Reached skill level 1 in Long Blades
  1044 | D:2      | Reached skill level 1 in Axes
  1044 | D:2      | Reached skill level 1 in Maces & Flails
  1044 | D:2      | Reached skill level 1 in Staves
  1044 | D:2      | Reached skill level 1 in Ranged Weapons
  1044 | D:2      | Reached skill level 1 in Throwing
  1044 | D:2      | Reached skill level 1 in Dodging
  1044 | D:2      | Reached skill level 1 in Shields
  1044 | D:2      | Reached skill level 1 in Unarmed Combat
  1044 | D:2      | Reached skill level 1 in Conjurations
  1044 | D:2      | Reached skill level 1 in Hexes
  1044 | D:2      | Reached skill level 1 in Necromancy
  1044 | D:2      | Reached skill level 1 in Translocations
  1044 | D:2      | Reached skill level 1 in Transmutations
  1044 | D:2      | Reached skill level 1 in Fire Magic
  1044 | D:2      | Reached skill level 1 in Ice Magic
  1044 | D:2      | Reached skill level 1 in Air Magic
  1044 | D:2      | Reached skill level 1 in Earth Magic
  1044 | D:2      | Reached skill level 1 in Poison Magic
  1044 | D:2      | Reached skill level 1 in Evocations
  1044 | D:2      | Reached XP level 4. HP: 31/35 MP: 8/8
  1044 | D:2      | Reached XP level 5. HP: 37/41 MP: 9/9
  1181 | D:2      | Noticed Jessica
  1190 | D:2      | Killed Jessica
  1191 | D:2      | Reached XP level 6. HP: 43/47 MP: 9/11
  1209 | D:2      | Found a blossoming altar of Fedhas.
  1937 | D:3      | Noticed Natasha
  1940 | D:3      | Killed Natasha
  2131 | D:3      | Noticed Natasha
  2144 | D:3      | Killed Natasha
  2351 | D:3      | Noticed Natasha
  2360 | D:3      | Killed Natasha
  2634 | D:3      | You fall into a shaft and drop 2 floors!
  2634 | D:5      | Entered Level 5 of the Dungeon
  2634 | D:5      | Found a sacrificial altar of Ru.
  2723 | D:5      | Reached XP level 7. HP: 48/52 MP: 12/12
  2800 | D:5      | Found a shadowy altar of Dithmenos.
  2800 | D:5      | Found a hide-covered altar of Uskayaw.
  2801 | D:5      | Found an opulent altar of Gozag.
  2801 | D:5      | Noticed Ijyb
  2809 | D:5      | Killed Ijyb
  2814 | D:5      | Became a worshipper of Gozag Ym Sagoz the Greedy
  2935 | D:4      | Reached skill level 9 in Polearms
  2998 | D:4      | Found a transporter.
  3080 | D:4      | Found a transporter.
  3359 | D:4      | Learned a level 4 spell: Summon Lightning Spire
  3621 | D:5      | Noticed Menkaure
  3638 | D:5      | Killed Menkaure
  3649 | D:5      | Reached XP level 8. HP: 60/60 MP: 14/14
  3891 | D:5      | Found a staircase to the Ecumenical Temple.
  4279 | D:6      | Found a stormy altar of Qazlal.
  4295 | D:6      | Noticed Maggie
  4310 | D:6      | Killed Maggie
  4387 | D:6      | Learned a level 3 spell: Summon Guardian Golem
  4504 | D:6      | Noticed Prince Ribbit
  4518 | D:6      | Killed Prince Ribbit
  4519 | D:6      | Reached skill level 5 in Summonings
  4877 | D:6      | Reached XP level 9. HP: 66/66 MP: 16/16
  4933 | D:6      | Found a blossoming altar of Fedhas.
  5210 | D:7      | Found a hazy altar of Hepliaklqana.
  5210 | D:7      | Found an ornate altar of the Wu Jian Council.
  5223 | D:7      | Reached skill level 5 in Spellcasting
  5236 | D:6      | HP: 1/67 [steam dragon (3)]
  5240 | D:6      | Reached skill level 5 in Fighting
  5240 | D:6      | Reached skill level 5 in Armour
  5368 | D:7      | Reached skill level 5 in Stealth
  5532 | D:7      | Reached skill level 5 in Invocations
  5630 | D:7      | Found a snail-covered altar of Cheibriados.
  5660 | D:7      | Reached skill level 5 in Short Blades
  5660 | D:7      | Reached skill level 5 in Long Blades
  5660 | D:7      | Reached skill level 5 in Axes
  5660 | D:7      | Reached skill level 5 in Maces & Flails
  5660 | D:7      | Reached skill level 5 in Staves
  5660 | D:7      | Reached skill level 5 in Ranged Weapons
  5660 | D:7      | Reached skill level 5 in Throwing
  5660 | D:7      | Reached skill level 5 in Dodging
  5660 | D:7      | Reached skill level 5 in Shields
  5660 | D:7      | Reached skill level 5 in Unarmed Combat
  5660 | D:7      | Reached skill level 5 in Evocations
  5660 | D:7      | Reached XP level 10. HP: 55/76 MP: 18/18
  6024 | D:7      | Found a shimmering altar of Xom.
  6035 | D:7      | Reached skill level 10 in Polearms
  6216 | D:8      | Noticed Amaemon
  6217 | D:8      | Noticed an orange demon
  6222 | D:8      | Killed an orange demon
  6226 | D:8      | Killed Amaemon
  6297 | D:8      | Noticed Erica
  6309 | D:8      | Killed Erica
  6539 | D:8      | Noticed Pikel
  6549 | D:8      | Killed Pikel
  7108 | D:9      | Noticed a wizard
  7138 | Abyss:2  | Cast into level 2 of the Abyss (a wizard)
  7192 | Abyss:2  | Noticed a large abomination
  7199 | D:9      | Escaped the Abyss
  7200 | D:9      | Demolished by a large abomination

Illustrated notes

Levels and vault maps discovered:
D:1:      evilmike_arrival_grusome_pit, layout_basic, basic_ecumenical_altar,
          hangedman_decor_push
D:2:      minmay_diamond_boxcup, layout_basic, basic_altar, serial_glass,
          glass_columns_b, glass_columns_b, glass_columns_a, glass_columns_a,
          glass_columns_b, glass_columns_a, uniq_sigmund, uniq_jessica
D:3:      layout_basic, uniq_natasha
D:4:      gammafunk_wand_slinger, layout_basic
D:5:      layout_gridville, nicolae_ru_sacrificial_ziggurat,
          gammafunk_temple_overflow_claw, minmay_temple_entry_junction,
          serial_rivers, chequers_serial_rivers_large_b,
          chequers_serial_rivers_small_a, chequers_serial_rivers_large_a,
          chequers_serial_rivers_micro_e, chequers_serial_rivers_micro_e,
          chequers_serial_rivers_micro_a, kennysheep_potato, uniq_ijyb,
          uniq_menkaure
D:6:      layout_loops_ring, lemuel_doored_altar, overflow_temple_1_default,
          uniq_maggie, uniq_prince_ribbit1
D:7:      layout_basic, lemuel_round_altar, mainiacjoe_overflow_chevrons,
          grunt_temple_overflow_open
D:8:      layout_gridville, uniq_erica, uniq_amaemon, uniq_pikel
D:9:      layout_loops_ring, laboratory, uniq_psyche

Skill      XL: |  1  2  3  4  5  6  7  8  9 10 |
---------------+-------------------------------+-----
Invocations    | 1 2 3 4 5 6 |  6.4
Fighting       | 3 4 5 6 |  6.4
Short Blades   | 1 2 3 5 |  5.8
Long Blades    | 1 2 3 5 |  5.8
Axes           | 1 2 3 5 |  5.8
Maces & Flails | 1 2 3 5 |  5.8
Staves         | 1 2 3 5 |  5.8
Ranged Weapons | 1 2 3 5 |  5.8
Throwing       | 1 2 3 5 |  5.8
Armour         | 3 4 5 6 |  6.4
Dodging        | 1 2 3 5 |  5.8
Shields        | 1 2 3 5 |  5.8
Unarmed Combat | 1 2 3 5 |  5.8
Spellcasting   | 3 4 5 6 |  6.5
Conjurations   | 1 2 3 4 |  4.8
Hexes          | 1 2 3 4 |  4.8
Summonings     | 4 5 6 |  6.2
Necromancy     | 1 2 3 4 |  4.8
Translocations | 1 2 3 4 |  4.8
Transmutations | 1 2 3 4 |  4.8
Fire Magic     | 1 2 3 4 |  4.8
Ice Magic      | 1 2 3 4 |  4.8
Air Magic      | 1 2 3 4 |  4.8
Earth Magic    | 1 2 3 4 |  4.8
Poison Magic   | 1 2 3 4 |  4.8
Evocations     | 1 2 3 5 |  5.8
Stealth        | 3 4 5 6 |  6.3
Polearms       | 9 10 | 10.3

Action                   |  1- 3 |  4- 6 |  7- 9 | 10-12 || total
-------------------------+-------+-------+-------+-------++-------
Melee: Spear             |    95 |       |       |       ||    95
       Punch             |     2 |       |       |       ||     2
       Bite              |     4 |    12 |    20 |     5 ||    41
       Halberd           |       |   108 |   268 |    91 ||   467
 Cast: Summon Small Mamm |       |       |       |     5 ||     5
       Summon Guardian G |       |       |       |     2 ||     2
       Summon Lightning  |       |       |       |     1 ||     1
Invok: Potion Petition   |       |       |     1 |       ||     1
Evoke: Wand              |       |       |       |     5 ||     5
  Use: Potion            |       |       |     1 |     8 ||     9
       Scroll            |       |       |       |     1 ||     1
 Stab: Sleeping          |     1 |    14 |    10 |     5 ||    30
       Distracted        |       |       |     2 |     1 ||     3
Armor: Robe              |     7 |    32 |    22 |       ||    61
       Swamp dragon scal |       |       |    60 |    28 ||    88
       Skin              |       |       |       |    23 ||    23
Dodge: Dodged            |    23 |    36 |   111 |    52 ||   222

Table legend: (Time is in decaauts)
 A = Elapsed time spent in this place.
 B = Non-inter-level travel time spent in this place.
 C = Inter-level travel time spent in this place.
 D = Time resting spent in this place.
 E = Time spent auto-exploring this place.
 F = Levels seen in this place.
 G = Mean time per level.
                   A        B        C        D        E       F      G
               +--------+--------+--------+--------+--------+-----+--------+
         Total |   7256 |   6983 |    273 |    438 |   5065 |  10 |  725.6 |
       Dungeon |   7195 |   6922 |    273 |    399 |   5065 |   9 |  799.4 |
         Abyss |     60 |     60 |      0 |     39 |      0 |   1 |   60.0 |
               +--------+--------+--------+--------+--------+-----+--------+

Top non-repeatable levels by time:
     D:6: 989 daAuts
     D:7: 947 daAuts
     D:8: 935 daAuts
     D:1: 932 daAuts
     D:2: 930 daAuts
     D:3: 928 daAuts
     D:5: 921 daAuts
     D:4: 536 daAuts
     D:9: 74 daAuts
 Abyss:2: 60 daAuts
